Map: Terraform LE

Players

Zylon - Winner!

  • Race: Protoss Protoss
  • Spawn Location: 5:00

pie

  • Race: Terran Terran
  • Spawn Location: 11:00

VOD

Have the link to the VOD?

Description

Time

  • Played on: Sept. 15, 2019, 9:12 a.m.
  • Length: 12:52
Show
View Real Time Build Order
Export as new Build Order

Zylon Protoss - Winner!

Build Orders: 1 Gate Expand, Double Forge, Zealot Archon 

Get SALT Encoding   

  12  0:01  Probe  
  13  0:13  Probe  
  14  0:20  Pylon  
  14  0:25  Probe  
  15  0:38  Probe  
  15  0:40  Gateway  
  16  0:49  Assimilator  
  16  0:50  Probe  
  17  1:02  Probe  
  18  1:15  Probe  
  19  1:26  Nexus  
  19  1:35  Cybernetics Core  
  19  1:41  Pylon  
  19  1:45  Probe  
  20  1:58  Probe  
  21  2:07  Assimilator  
  21  2:10  Probe  
  22  2:16  Warp Gate (Chrono Boost)  
  22  2:18  Robotics Facility  
  22  2:26  Adept  
  24  2:34  Probe  
  25  2:38  Probe  
  26  2:45  Probe  
  26  2:48  Probe  
  28  2:53  Probe  
  28  2:56  Probe  
  29  3:01  Probe  
  29  3:05  Probe  
  32  3:13  Probe  
  32  3:14  Pylon  
  32  3:15  Observer  
  32  3:17  Probe  
  35  3:25  Probe  
  35  3:26  Twilight Council  
  36  3:35  Forge  
  36  3:38  Forge  
  36  3:41  Probe  
  36  3:42  Probe  
  36  3:48  Assimilator  
  38  3:54  Probe x2  
  40  4:06  Probe x2  
  40  4:08  Protoss Shields Level 1  
  42  4:10  Protoss Ground Weapons Level 1  
  42  4:18  Probe x2  
  44  4:27  Templar Archives  
  44  4:36  Pylon  
  44  4:37  Pylon  
  44  4:40  Pylon  
  44  4:42  Assimilator  
  44  4:53  Probe x2  
  44  4:54  Nexus  
  46  5:04  High Templar  
  46  5:05  Probe  
  49  5:14  Gateway  
  49  5:15  Gateway  
  49  5:17  Gateway  
  49  5:23  Gateway x2  
  49  5:26  Gateway  
  49  5:28  Gateway  
  49  5:59  Probe x2  
  51  6:05  Probe  
  51  6:09  Warp Prism (Chrono Boost)  
  51  6:11  Probe x2  
  54  6:17  Probe  
  57  6:18  High Templar  
  57  6:20  High Templar x4  
  57  6:23  Probe x2  
  57  6:25  Archon  
  69  6:29  Probe  
  70  6:35  Probe x2  
  70  6:37  Protoss Shields Level 2 (Chrono Boost), Warp Prism, Archon x2  
  74  6:42  Probe  
  74  6:43  Protoss Ground Weapons Level 2 (Chrono Boost)  
  75  6:47  Probe x2  
  75  6:54  Probe  
  76  7:11  Pylon  
  76  7:13  Pylon  
  76  7:14  Pylon  
  76  7:15  High Templar x2  
  80  7:20  Archon  
  80  7:44  Shield Battery x2  
  80  7:49  Shield Battery  
  80  7:50  Shield Battery  
  80  7:51  Shield Battery  
  80  7:53  Shield Battery  
  80  7:54  Shield Battery, High Templar x2  
  80  7:56  Shield Battery, High Templar  
  80  7:57  Shield Battery  
  81  8:47  High Templar x3  
  87  8:50  Archon  
  87  8:51  Archon  
  87  8:52  Archon  
  87  9:00  Assimilator  
  87  9:01  Assimilator  
  87  9:02  Probe x2  
  89  9:03  Probe  
  90  9:14  Probe  
  90  9:15  Probe x2  
  90  9:16  Nexus  
  93  9:19  Assimilator  
  93  9:23  Assimilator  
  93  9:24  Pylon  
  93  9:27  Pylon x2, Probe x2  
  93  9:29  Pylon x2  
  95  9:33  Pylon x2  
  95  9:37  Pylon  
  75  10:02  High Templar x2  
  75  10:03  High Templar x5  
  89  10:09  Archon x3  
  87  11:34  High Templar x3  
  93  11:42  Archon  
  89  12:16  High Templar x3  
  89  12:21  Archon  
  95  12:23  Archon  
Show
View Real Time Build Order
Export as new Build Order

pie Terran 

Build Orders:  

Get SALT Encoding   

  12  0:01  SCV  
  13  0:17  Supply Depot, SCV  
  14  0:27  Refinery  
  14  0:29  SCV  
  15  0:43  Barracks  
  15  0:46  SCV  
  16  0:59  SCV  
  16  1:02  Refinery  
  17  1:12  SCV  
  18  1:24  SCV  
  19  1:31  Supply Depot  
  19  1:35  Barracks Reactor  
  19  1:36  SCV  
  20  1:42  Factory  
  20  1:48  SCV  
  21  2:02  Barracks, SCV  
  22  2:12  Marine  
  22  2:14  SCV  
  22  2:15  Marine  
  25  2:26  SCV  
  26  2:32  Starport  
  26  2:34  Factory Reactor  
  26  2:39  SCV  
  27  2:45  Marine x2  
  27  2:50  Barracks Tech Lab  
  29  2:59  Orbital Command  
  29  3:08  Marine x2  
  31  3:19  Factory Tech Lab  
  31  3:21  Supply Depot  
  31  3:28  Supply Depot  
  31  3:43  Supply Depot, Marine x3  
  34  3:54  Siege Tank  
  37  3:57  Medivac  
  37  3:59  Medivac  
  37  4:00  Marine  
  42  4:06  Engineering Bay  
  42  4:14  Supply Depot  
  42  4:21  Marine x3  
  45  4:28  Siege Tank  
  48  4:41  Marine x3  
  51  4:59  Marine x3  
  54  5:00  Stimpack, Siege Tank  
  57  5:07  Supply Depot  
  57  5:12  Terran Infantry Armor Level 1  
  57  5:21  Marine x2  
  57  5:22  Marine  
  60  5:38  Siege Tank  
  60  5:41  Marine x3  
  66  6:01  Marine x3  
  66  6:03  Medivac  
  71  6:15  Supply Depot  
  71  6:36  Medivac  
  71  6:38  Supply Depot  
  72  6:50  Marine  
  72  6:51  Marine x2  
  75  7:03  Siege Tank  
  75  7:08  Supply Depot  
  78  7:19  Missile Turret  
  78  7:31  Supply Depot  
  78  7:38  Missile Turret, Marine x3  
  68  7:58  Missile Turret  
  66  8:17  Missile Turret  
  66  8:24  Marine  
  66  8:25  Marine x2  
  63  8:38  SCV  
  63  8:40  Missile Turret  
  63  8:50  SCV  
  64  9:02  SCV  
  65  9:04  Missile Turret  
  65  9:14  SCV  
  66  9:27  Missile Turret  
  66  9:33  Command Center, Terran Infantry Weapons Level 1  
  21  11:08  Marine  
  21  11:09  Marine x2  
  24  11:11  Siege Tank  
  24  11:15  Orbital Command  
  27  11:26  Marine x3  
  23  11:37  Orbital Command  
  21  11:43  Siege Tank  
  21  11:44  Marine x3  
  24  12:01  Marine  
  24  12:02  Marine x2  
  19  12:15  Siege Tank  
  19  12:20  Marine  
Tags
 
Add a new tag
Caveats
  • Supply blocks, unpowered buildings, or Contaminate may cause inaccurate times.
  • Supply counts are checked every 10 seconds.